 Dungeon Crawl Stone Soup version 0.21.1-1-g345015f (webtiles) character file.

197322 Monsterracer the Severer (level 17, -28/351 HPs)
             Began as a Minotaur Hunter on Feb 18, 2018.
             Was the Champion of Fedhas.
             Annihilated by a dire elephant simulacrum (43 damage)
             ... in an ice cave on Feb 19, 2018.
             The game lasted 01:25:51 (40363 turns).

Monsterracer the Severer (Minotaur Hunter)         Turns: 40363, Time: 01:25:51

Health: -28/351    AC: 28    Str: 28    XL:     17   Next: 77%
Magic:  25/25      EV:  2    Int:  8    God:    Fedhas [******]
Gold:   814        SH:  0    Dex: 12    Spells: 16/16 levels left

rFire    . . .     SeeInvis .   b - +9 battleaxe (vamp)
rCold    . . .     Gourm    .   (shield currently unavailable)
rNeg     + + +     Faith    .   (armour currently unavailable)
rPois    +         Spirit   .   (helmet currently unavailable)
rElec    .         Reflect  .   (cloak currently unavailable)
rCorr    +         Harm     .   (gloves currently unavailable)
MR       ++...     NoTele   +   (boots currently unavailable)
Stlth    ..........             L - amulet of rage
HPRegen  0.68/turn              G - ring of resist corrosion {!d}
MPRegen  0.19/turn              M - ring of protection from magic {!d}

@: berserking (expiring), tree-form (expiring), very quick
A: (retaliatory headbutt)
}: 1/15 runes: gossamer
a: Fungal Bloom, Evolution, Sunlight, Growth, Reproduction, Rain, Renounce
Religion, Evoke Berserk Rage


You were in an ice cave.
You worshipped Fedhas.
Fedhas was exalted by your worship.
You were not hungry.
You were a tree.
You visited 5 branches of the dungeon, and saw 26 of its levels.
You also visited: Ossuary, Bailey, Ice Cave and Volcano.

You collected 2531 gold pieces.
You spent 1717 gold pieces at shops.

Inventory:

Hand Weapons
 a - the +6 war axe of Animal Spirits {chop, rElec rF+ rC++}
   (You bought it in a shop on level 6 of the Dungeon)

   It inflicts extra damage upon your enemies.
   It protects you from fire.
   It greatly protects you from cold.
   It insulates you from electricity.
 b - a +9 vampiric battleaxe (weapon)
Missiles
 d - 3 throwing nets
 g - 39 tomahawks (quivered)
 k - 15 javelins
 o - 5 poisoned tomahawks
 E - 6 tomahawks of dispersal
 Z - 8 steel tomahawks
Armour
 p - a +2 hat (melded)
 t - a +2 pair of gloves of archery (melded)
 v - the +4 plate armour "Sagapn" (melded) {rC+ Int+2 Slay+2}
   (You bought it in a shop on level 2 of the Orcish Mines)

   It affects your intelligence (+2).
   It affects your accuracy and damage with ranged weapons and melee attacks
   (+2).
   It protects you from cold.
 x - the +1 plate armour "Caseary" {rPois MP+9 Dex+3}
   (You found it in an ossuary)

   It affects your dexterity (+3).
   It protects you from poison.
   It affects your magic capacity (+9).
 y - the +0 cloak of Amorality {+Inv rF++ MR+ MP-9}
   (You acquired it on level 8 of the Dungeon)

   It greatly protects you from fire.
   It affects your resistance to hostile enchantments.
   It affects your magic capacity (-9).
   It lets you turn invisible.
 C - a +2 cloak of magic resistance (melded)
 U - a +2 plate armour of fire resistance
 V - a +2 pair of boots (melded)
Jewellery
 G - a ring of resist corrosion (left branch) {!d}
 H - an uncursed ring of fire
 L - an amulet of rage (around neck)
 M - a ring of protection from magic (right branch) {!d}
Wands
 f - a wand of acid (7)
 P - a wand of iceblast (6)
 R - a wand of polymorph (20)
 S - a wand of paralysis (31)
 W - a wand of digging (11)
 Y - a wand of clouds (8)
Scrolls
 e - 2 scrolls of blinking
 h - 4 scrolls of enchant armour
 i - 13 scrolls of remove curse
 l - 4 scrolls of magic mapping {!r}
 n - 4 scrolls of teleportation
 u - 3 scrolls of fog
 I - 2 scrolls of fear {!r}
 N - 11 scrolls of identify
Potions
 j - 6 potions of mutation {!q}
 q - 4 potions of agility
 r - 12 potions of curing
 s - 3 potions of lignification
 w - 5 potions of resistance
 z - 6 potions of haste
 A - 4 potions of magic
 B - 2 potions of brilliance
 D - 8 potions of ambrosia {!q}
 F - 3 potions of cancellation
 J - 5 potions of berserk rage {!q}
 K - 7 potions of flight
Miscellaneous
 Q - a lightning rod (4/4)
 T - a lamp of fire
Comestibles
 c - 40 rations


   Skills:
 + Level 15.4 Fighting
 * Level 19.1 Axes
 + Level 13.4 Throwing
 + Level 14.8 Armour
 + Level 8.9 Dodging
 - Level 0.7 Stealth
   Level 8.6 Shields
 + Level 12.1 Invocations
 - Level 6.0 Evocations


You had 16 spell levels left.
You didn't know any spells.

Dungeon Overview and Level Annotations

Branches:
Dungeon (11/15)            Temple (0/1) D:7            Lair (6/6) D:11
 Shoals (3/4) Lair:3       Spider (4/4) Lair:2        Slime (0/5) Lair:5
    Orc (2/2) D:10            Elf (0/3) Orc:2

Altars:
Dithmenos
Elyvilon
Fedhas
Gozag
Hepliaklqana
Kikubaaqudgha
Nemelex Xobeh
Okawaru
Trog
Uskayaw
Xom
Zin
Beogh

Shops:
D:6 [(:[   Orc:1 [(   Orc:2 (*[([(*:?


Innate Abilities, Weirdness & Mutations

((You reflexively headbutt those who attack you in melee.))
((You have a pair of horns on your head.))


Message History

The ice devil closely misses you.
You slice the ice devil!!
The ice devil is severely wounded.
You closely miss the ice devil.
The ice devil is severely wounded.
The ice devil hits you but does no damage.
You closely miss the ice devil.
The ice devil is severely wounded.
The ice devil hits you.
* * * LOW HITPOINT WARNING * * *
The ice devil freezes you! You resist.
* * * LOW HITPOINT WARNING * * *
You take 13 damage, and have 55/156 hp.
You turn into a tree.
Your +2 cloak of magic resistance melds into your body.
Your +2 hat melds into your body.
Your +2 pair of gloves of archery melds into your body.
Your +2 pair of boots melds into your body.
The +4 plate armour "Sagapn" {rC+ Int+2 Slay+2} melds into your body.
You feel less resistant to hostile enchantments.
Your aim is not that steady anymore.
Your roots penetrate the ground.
The ice devil hits you!
* * * LOW HITPOINT WARNING * * *
The ice devil freezes you!
* * * LOW HITPOINT WARNING * * *
You now have 59/234 hp.
You carve the ice devil like a ham!!!
You kill the ice devil!
You slice the freezing wraith!!
The freezing wraith is heavily damaged.
You closely miss the freezing wraith.
The freezing wraith is heavily damaged.
The freezing wraith hits you but does no damage. x2
You slice the freezing wraith!!
You destroy the freezing wraith!
You open the anaconda simulacrum like a pillowcase!!!
The anaconda simulacrum vapourises!
Press: ? - help, v - describe, . - travel
Here: an Ice Fiend The floor.
You have 814 gold pieces.
Unknown command.
Evoke which item? (* to show all) (? for menu, Esc to quit)
Aiming: Cloud Cone
Press: ? - help, Dir - move target cursor, f - Ice Fiend
Aim: an Ice Fiend You create a blast of poison gas!
The Ice Fiend gestures at you. The bolt of cold hits you!
* * * LOW HITPOINT WARNING * * *
You take 25 damage, and have 36/234 hp.
Okay, then.
You feel much better.
You regained 22 hp, and now have 58/234 hp.
Okay, then.
A red film seems to cover your vision as you go berserk!
You feel yourself moving faster!
You feel mighty!
You feel quite a bit more hungry.
The Ice Fiend claws you but does no damage.
The Ice Fiend claws you!
* * * LOW HITPOINT WARNING * * *
The Ice Fiend freezes you!!
* * * LOW HITPOINT WARNING * * *
You now have 52/351 hp.
You slice the Ice Fiend!!
The Ice Fiend is moderately wounded.
You hit the Ice Fiend.
The Ice Fiend is moderately wounded.
Your transformation is almost over.
The Ice Fiend claws you but does no damage. x2
You slice the Ice Fiend!!
The Ice Fiend is heavily wounded.
The Ice Fiend barely misses you. The Ice Fiend claws you!
* * * LOW HITPOINT WARNING * * *
The Ice Fiend freezes you!!
* * * LOW HITPOINT WARNING * * *
You take 35 damage, and have 18/351 hp.
You slash the Ice Fiend!
The Ice Fiend is heavily wounded.
Unknown command.
You slice the Ice Fiend!!
The Ice Fiend is severely wounded.
You carve the Ice Fiend like a ham!!!
You kill the Ice Fiend!
You hit the alligator simulacrum.
The alligator simulacrum is lightly damaged.
You cut the alligator simulacrum into ribbons!!!
The alligator simulacrum vapourises!
You swing at nothing.
You swing at nothing.
You feel a strong urge to attack something.
You slice the dire elephant simulacrum!!
The dire elephant simulacrum is severely damaged.
You hit the dire elephant simulacrum.
The dire elephant simulacrum is severely damaged.
The dire elephant simulacrum tramples you.
* * * LOW HITPOINT WARNING * * *
The dire elephant simulacrum freezes you!!!
You die...
Fedhas appreciates your contribution to the ecosystem.

##########
#######...##§Z§#
#..#...##.♣Z##..Z#
###### #..########
4Z4.#
≈#≈≈.#####..# ..ZW
≈≈≈#≈..##..## Z1.
#≈≈≈##...### Z#
##≈≈≈##### #
≈≈≈≈#≈≈# ≈≈≈≈≈≈≈≈≈
##≈≈≈≈≈≈≈


You could see a dire elephant simulacrum and an iron troll simulacrum.

Vanquished Creatures
  Arachne (Spider:3)
  Nikola (Spider:4)
  Jorgrun (Shoals:3)
  An Ice Fiend (IceCv)
  Rupert (Orc:1)
  Asterion (Spider:2)
  Frances (Spider:1)
  2 krakens
  Polyphemus (Shoals:3)
  Kirke (Spider:3)
  Roxanne (Spider:2)
  The ghost of bmj180 the Bludgeoner, a journeyman MiFi of Okawaru (Shoals:1)
  An orc warlord (Orc:2)
  4 ghost moths (Spider:4)
  4 emperor scorpions
  3 entropy weavers
  A spark wasp (Spider:3)
  A red draconian (Volcano)
  Snorg (Lair:3)
  2 merfolk impalers
  Josephine (Lair:5)
  An ice dragon (Shoals:3)
  Harold (D:11)
  3 merfolk avatars
  3 hydras
  Erica (Orc:1)
  The ghost of Serooblart the Fighter, a novice MiBe of Trog (D:11)
  2 catoblepae
  4 two-headed ogres
  A queen ant (Lair:4)
  A merfolk aquamancer (Shoals:1)
  5 orc high priests
  10 death yaks
  An ogre mage (Orc:1)
  A satyr (Shoals:3)
  Urug (Lair:2)
  A salamander mystic (Volcano)
  5 sea snakes
  17 harpies
  6 orc sorcerers
  5 orc knights
  28 wolf spiders
  19 orb spiders
  6 salamanders (Volcano)
  4 manticores
  9 elephants (Lair:6)
  A cyclops (Shoals:3)
  7 fauns
  4 moths of wrath
  Maurice (D:8)
  3 water nymphs
  6 black mambas
  4 merfolk sirens
  Joseph (D:9)
  15 spiny frogs
  3 torpor snails
  A human (Spider:4)
  5 rime drakes
  14 demonic crawlers
  9 komodo dragons
  5 anaconda simulacra (IceCv)
  5 ice devils (IceCv)
  4 freezing wraiths (IceCv)
  12 merfolk
  A golden dragon simulacrum (IceCv)
  A queen bee (Lair:2)
  The ghost of Mirai the Conjurer, a novice DECj (D:5)
  5 polar bears (Lair:3)
  27 jumping spiders
  5 trolls
  A wind drake (Shoals:1)
  9 hornets
  7 dream sheep (Shoals:3)
  16 blink frogs
  5 hippogriffs
  2 snapping turtles (Shoals:1)
  46 yaks
  28 tarantellas
  7 water elementals
  55 redbacks
  5 wraiths
  2 dire elephant simulacra (IceCv)
  2 wyverns (Lair:6)
  7 basilisks
  A warg (Orc:1)
  3 harpy simulacra (IceCv)
  11 swamp worms (Spider:2)
  2 iron troll simulacra (IceCv)
  23 soldier ants
  9 porcupines
  9 water moccasins
  34 orc warriors
  2 ice beasts
  3 sky beasts
  3 phantoms
  13 ogres
  A black bear (Lair:2)
  A necrophage (D:5)
  2 alligator simulacra (IceCv)
  11 wolves
  7 centaurs
  12 crocodiles
  A big kobold (D:8)
  A wyvern zombie (D:11)
  7 bullfrogs
  A gnoll sergeant (Orc:1)
  3 water moccasin zombies (Ossuary)
  2 scorpions
  32 killer bees
  A swamp dragon simulacrum (IceCv)
  5 wights (D:10)
  2 vampire bats (Lair:1)
  3 electric eels
  2 howler monkeys (D:9)
  4 crimson imps
  2 draconian simulacra (IceCv)
  8 hounds
  A jelly (D:7)
  22 orc priests
  A bullfrog skeleton (D:5)
  3 centaur skeletons
  33 orc wizards
  An iguana (D:10)
  24 worker ants
  2 troll simulacra (IceCv)
  A killer bee zombie (D:4)
  3 spriggan simulacra (IceCv)
  A wolf simulacrum (IceCv)
  A centaur simulacrum (IceCv)
  4 big kobold zombies (Ossuary)
  3 hound skeletons
  2 mummies (Ossuary)
  28 gnolls
  11 adders
  2 naga simulacra (IceCv)
  An ogre simulacrum (IceCv)
  2 shadow imps
  4 white imps (IceCv)
  6 ufetubi (IceCv)
  3 oozes
  7 adder zombies
  3 adder skeletons
  12 worms
  8 leopard geckos
  99 orcs
  15 bats
  5 giant cockroaches
  A gnoll zombie (Ossuary)
  9 goblins
  5 hobgoblins
  17 jackals
  13 kobolds
  7 quokkas
  A ball python (D:3)
  7 frilled lizards
  7 hobgoblin zombies (Ossuary)
  2 jackal skeletons (D:4)
  6 kobold zombies (Ossuary)
  A leopard gecko skeleton (D:8)
  2 orc zombies (Ossuary)
  5 rats
  8 tentacles
1119 creatures vanquished.

Vanquished Creatures (collateral kills)
  A manticore (Shoals:3)
  A warg (Orc:2)
  An orc warrior (D:6)
  Blork the orc (D:5)
  A jelly (D:6)
  2 orc priests
  A worker ant (D:5)
  A gnoll (Orc:2)
9 creatures vanquished.

Vanquished Creatures (others)
  An orb spider (Spider:4)
  A human (Spider:4)
  3 wandering mushrooms
  47 fungi
  96 plants
  7 tentacles
  316 toadstools
471 creatures vanquished.

Grand Total: 1599 creatures vanquished

Notes
Turn   | Place    | Note
-------+----------+-------------------------------------------
     0 | D:1      | Monsterracer the Minotaur Hunter began the quest for the Orb.
     0 | D:1      | Reached XP level 1. HP: 18/18 MP: 0/0
   346 | D:1      | Reached XP level 2. HP: 25/26 MP: 1/1
   945 | D:2      | Reached XP level 3. HP: 30/33 MP: 2/2
  1464 | D:2      | Reached skill level 1 in Armour
  1652 | D:2      | Reached XP level 4. HP: 36/40 MP: 3/3
  1900 | D:2      | Found a bloodstained altar of Trog.
  2049 | D:3      | Found a bloodstained altar of Trog.
  2073 | D:3      | Reached skill level 1 in Axes
  2157 | D:3      | Reached skill level 2 in Axes
  2172 | D:3      | HP: 19/40 [giant cockroach (2)]
  2179 | D:3      | HP: 16/40 [poisoned by an adder]
  2511 | D:2      | HP: 18/40 [gnoll/flail (5)]
  2512 | D:2      | Reached skill level 3 in Axes
  2512 | D:2      | Reached XP level 5. HP: 20/46 MP: 4/4
  2734 | D:2      | Reached skill level 4 in Axes
  2838 | D:3      | Reached skill level 1 in Shields
  2902 | D:3      | Found a blossoming altar of Fedhas.
  3059 | D:3      | Became a worshipper of Fedhas Madash
  3265 | D:4      | Reached XP level 6. HP: 50/53 MP: 5/5
  3870 | D:4      | Reached skill level 5 in Axes
  4437 | D:5      | Entered Level 5 of the Dungeon
  4492 | D:5      | Noticed Mirai's ghost (novice DECj)
  4493 | D:5      | HP: 21/55 [Mirai's ghost/orb of energy (20)]
  4637 | D:5      | Noticed an ice beast
  4650 | D:5      | HP: 20/55 [ice beast (13)]
  4680 | D:5      | Killed an ice beast
  4680 | D:5      | Reached XP level 7. HP: 27/60 MP: 6/6
  4745 | D:5      | Reached skill level 5 in Fighting
  4746 | D:5      | Reached skill level 5 in Throwing
  4748 | D:5      | HP: 29/61 [hound (2)]
  4754 | D:5      | HP: 23/61 [hound (1)]
  4895 | D:5      | Found a sand-covered staircase.
  4979 | Ossuary  | Entered an ossuary
  5148 | Ossuary  | Reached skill level 6 in Axes
  5412 | Ossuary  | Got a topaz-encrusted plate armour
  5426 | Ossuary  | Identified the +1 plate armour "Caseary" {rPois MP+9 Dex+3} (You found it in an ossuary)
  5564 | D:5      | Reached XP level 8. HP: 42/69 MP: 7/7
  5714 | D:5      | Got a twisted leather armour
  5726 | D:5      | Identified the cursed +1 leather armour of the Guardian {rPois MR+ rCorr Str-2} (You found it on level 5 of the Dungeon)
  5886 | D:5      | Killed Mirai's ghost
  5886 | D:5      | Reached skill level 7 in Axes
  5887 | D:5      | Reached * piety under Fedhas
  6084 | D:5      | Found a sparkling altar of Nemelex Xobeh.
  6140 | D:5      | Noticed Blork the orc
  6155 | D:5      | Killed Blork the orc
  6520 | D:5      | Reached skill level 8 in Axes
  6562 | D:6      | Found Zeutzaeb's Antique Armour Shop.
  6701 | D:6      | Found Ulilaami's Book Emporium.
  6776 | D:6      | Found Xoigg's Antique Weapon Boutique.
  6806 | D:6      | Bought an ichor-stained war axe for 144 gold pieces
  6806 | D:6      | Identified the +6 war axe of Animal Spirits {chop, rElec rF+ rC++} (You bought it in a shop on level 6 of the Dungeon)
  6925 | D:6      | Found Weerrucw's Armour Shop.
  6978 | D:6      | Reached skill level 5 in Armour
  6978 | D:6      | Reached skill level 5 in Shields
  6979 | D:6      | HP: 32/71 [orc priest/nerve-wracking pain (14)]
  6981 | D:6      | Reached XP level 9. HP: 35/78 MP: 8/8
  7857 | D:7      | Found an opulent altar of Gozag.
  7880 | D:7      | Found a staircase to the Ecumenical Temple.
  8245 | D:7      | Found a shimmering altar of Xom.
  8664 | D:8      | Found an opulent altar of Gozag.
  8664 | D:8      | Found a glowing silver altar of Zin.
  8753 | D:8      | Reached skill level 9 in Axes
  8753 | D:8      | Reached skill level 1 in Invocations
  8788 | D:8      | Identified a scroll of acquirement
  8791 | D:8      | Got a transparent cloak
  8802 | D:8      | Identified the +0 cloak of Amorality {+Inv rF++ MR+ MP-9} (You acquired it on level 8 of the Dungeon)
  9020 | D:8      | Noticed Maurice
  9051 | D:8      | Killed Maurice
  9305 | D:8      | Found a shadowy altar of Dithmenos.
  9516 | D:9      | Found a hide-covered altar of Uskayaw.
  9516 | D:9      | Found a hazy altar of Hepliaklqana.
  9521 | D:9      | Found a white marble altar of Elyvilon.
  9523 | D:9      | Found a sparkling altar of Nemelex Xobeh.
  9525 | D:9      | Found a faded altar of an unknown god.
  9581 | D:9      | Got a shimmering chain mail
  9610 | D:9      | Identified the +4 chain mail "Woiseng" {*Corrode Int+3 SInv} (You found it on level 9 of the Dungeon)
  9701 | D:9      | Noticed Joseph
  9709 | D:9      | Killed Joseph
  9791 | D:9      | Reached skill level 10 in Axes
  9945 | D:9      | Reached XP level 10. HP: 85/88 MP: 10/10
 10169 | D:9      | Found an iron altar of Okawaru.
 10171 | D:9      | Found an ancient bone altar of Kikubaaqudgha.
 10210 | D:9      | Noticed a two-headed ogre
 10243 | D:9      | HP: 41/88 [two-headed ogre/giant club (17)]
 10244 | D:9      | Killed a two-headed ogre
 10720 | D:10     | Entered Level 10 of the Dungeon
 10828 | D:9      | Reached ** piety under Fedhas
 10928 | D:6      | Bought an encrusted buckler for 304 gold pieces
 10933 | D:6      | Identified the +1 buckler of Light {-Cast rC- Int+5 Stlth+} (You bought it in a shop on level 6 of the Dungeon)
 11178 | D:10     | Noticed a two-headed ogre
 11188 | D:10     | Killed a two-headed ogre
 11188 | D:10     | Reached skill level 11 in Axes
 11403 | D:10     | Found a staircase to the Orcish Mines.
 11431 | D:10     | Found a roughly hewn altar of Beogh.
 11733 | D:10     | Reached XP level 11. HP: 61/95 MP: 13/13
 12066 | Orc:1    | Entered Level 1 of the Orcish Mines
 12066 | Orc:1    | Noticed an orc knight
 12078 | D:10     | Killed an orc knight
 12312 | Orc:1    | Found a roughly hewn altar of Beogh.
 12321 | Orc:1    | Noticed Erica
 12343 | Orc:1    | Killed Erica
 12876 | Orc:2    | Entered Level 2 of the Orcish Mines
 12876 | Orc:2    | Found Vipsilyvo's Antique Weapon Shop.
 12876 | Orc:2    | Found Usintofur's Armour Shoppe.
 12876 | Orc:2    | Noticed an ogre mage
 12876 | Orc:2    | Noticed a two-headed ogre
 12876 | Orc:2    | Noticed a two-headed ogre
 12945 | Orc:1    | Killed an ogre mage
 13066 | Orc:1    | HP: 40/97 [two-headed ogre/giant club (14)]
 13068 | Orc:1    | Killed a two-headed ogre
 13068 | Orc:1    | Reached skill level 12 in Axes
 13071 | Orc:1    | HP: 16/97 [troll (4)]
 13383 | Orc:2    | HP: 48/97 [ogre/giant club (9)]
 13386 | Orc:1    | HP: 21/97 [ogre/giant club (14)]
 13393 | Orc:1    | HP: 13/97 [ogre/giant club (9)]
 13399 | Orc:1    | HP: 5/97 [orc warrior/trident (10)]
 13454 | D:10     | HP: 29/97 [two-headed ogre/giant spiked club (12)]
 13457 | D:10     | HP: 13/97 [two-headed ogre/giant spiked club (9)]
 13462 | D:10     | Killed a two-headed ogre
 13462 | D:10     | Reached skill level 5 in Invocations
 13983 | D:11     | Found a flagged portal.
 13994 | Bailey   | Entered a bailey
 14658 | Bailey   | Found a roughly hewn altar of Beogh.
 14658 | Bailey   | Noticed an orc knight
 14903 | Bailey   | Reached *** piety under Fedhas
 15053 | Bailey   | Killed an orc knight
 15266 | D:11     | Noticed Harold
 15276 | D:11     | Killed Harold
 15352 | D:11     | Found a staircase to the Lair.
 15439 | D:11     | Noticed Serooblart's ghost (novice MiBe)
 15465 | D:11     | Killed Serooblart's ghost
 15730 | D:11     | Reached XP level 12. HP: 106/106 MP: 15/15
 15751 | Lair:1   | Entered Level 1 of the Lair of Beasts
 15763 | Lair:1   | Reached skill level 10 in Fighting
 15912 | Lair:1   | Reached skill level 13 in Axes
 16697 | Lair:2   | Noticed Urug
 16711 | Lair:2   | Killed Urug
 17412 | Lair:2   | Reached **** piety under Fedhas
 17657 | Lair:2   | Noticed a catoblepas
 17684 | Lair:2   | Killed a catoblepas
 17901 | Lair:2   | Reached skill level 14 in Axes
 18178 | Lair:2   | Found a hole to the Spider Nest.
 18457 | Lair:3   | Noticed a six-headed hydra
 18471 | Lair:3   | Killed a six-headed hydra
 18471 | Lair:3   | Reached skill level 10 in Armour
 18629 | Lair:3   | Found a staircase to the Shoals.
 18735 | Lair:3   | You fall through a shaft for 3 floors!
 18735 | Lair:6   | Entered Level 6 of the Lair of Beasts
 18735 | Lair:6   | Noticed a death yak
 18735 | Lair:6   | Noticed a death yak
 18735 | Lair:6   | Noticed a death yak
 18735 | Lair:6   | Noticed a death yak
 18737 | Lair:6   | Noticed a death yak
 18754 | Lair:6   | Killed a death yak
 18770 | Lair:6   | HP: 50/110 [spiny frog (9)]
 18774 | Lair:6   | Noticed a death yak
 18775 | Lair:6   | Noticed a death yak
 18776 | Lair:6   | Noticed a death yak
 19017 | Lair:6   | Reached skill level 1 in Evocations
 19017 | Lair:6   | Reached XP level 13. HP: 100/116 MP: 17/17
 19434 | Lair:6   | Reached skill level 10 in Throwing
 19719 | Lair:5   | Noticed Josephine
 19758 | Lair:5   | HP: 46/116 [Josephine/ghostly fireball (17)]
 19947 | Lair:6   | Reached skill level 15 in Axes
 20133 | Lair:6   | HP: 53/116 [elephant (12)]
 20141 | Lair:6   | Reached ***** piety under Fedhas
 20736 | Lair:6   | HP: 57/117 [death yak (18)]
 21137 | Lair:4   | Reached XP level 14. HP: 126/126 MP: 19/19
 21272 | Lair:4   | Noticed an entropy weaver
 21392 | Lair:4   | HP: 59/126 [crocodile (6)]
 21473 | Lair:4   | Found a dark tunnel.
 21485 | Lair:4   | Noticed an entropy weaver
 21489 | Volcano  | Entered a volcano
 21649 | Volcano  | Found a bloodstained altar of Trog.
 21677 | Volcano  | Reached skill level 16 in Axes
 21828 | Volcano  | HP: 62/127 [salamander/halberd (3)]
 22174 | Lair:4   | Killed an entropy weaver
 22523 | Lair:3   | Noticed Snorg
 22531 | Lair:3   | Killed Snorg
 23151 | Lair:4   | Reached skill level 5 in Evocations
 23214 | Lair:4   | HP: 62/127 [poisoned by a queen ant]
 23219 | Lair:4   | HP: 57/127 [poisoned by a queen ant]
 23225 | Lair:4   | HP: 54/127 [poisoned by a queen ant]
 23230 | Lair:4   | HP: 51/127 [poisoned by a queen ant]
 23235 | Lair:4   | HP: 51/127 [poisoned by a queen ant]
 23240 | Lair:4   | HP: 50/127 [poisoned by a queen ant]
 23248 | Lair:4   | HP: 51/127 [poisoned by a queen ant]
 23814 | Lair:4   | Killed an entropy weaver
 24625 | Lair:5   | You fall through a shaft!
 25046 | Lair:5   | Found a staircase to the Slime Pits.
 25112 | Lair:5   | Killed Josephine
 25334 | Lair:6   | Reached ****** piety under Fedhas
 26331 | Orc:2    | Paralysed by an orc sorcerer for 7 turns
 26394 | Orc:1    | Reached XP level 15. HP: 111/135 MP: 21/21
 26583 | Orc:2    | Found a staircase to the Elven Halls.
 26618 | Orc:2    | Found Nulucey's Magic Scroll Emporium.
 26648 | Orc:2    | HP: 66/135 [orc high priest/divine providence (16)]
 26654 | Orc:2    | HP: 58/135 [orc high priest/divine providence (10)]
 27285 | Orc:2    | HP: 61/136 [orc warrior/trident (8)]
 27300 | Orc:2    | HP: 47/136 [orc high priest/divine providence (15)]
 27306 | Orc:2    | HP: 58/204 [orc high priest/halberd (2)]
 27551 | Orc:2    | Noticed an orc warlord
 27566 | Orc:2    | Killed an orc warlord
 27862 | Orc:2    | Noticed Rupert
 27866 | Orc:2    | Found Keatto's Assorted Antiques.
 27893 | Orc:1    | Killed Rupert
 27893 | Orc:1    | Reached skill level 10 in Invocations
 27985 | Orc:2    | Bought a scroll of enchant weapon for 180 gold pieces
 28056 | Orc:2    | Bought a scroll of teleportation for 51 gold pieces
 28157 | Orc:2    | Found Kimo's Antique Armour Shop.
 28158 | Orc:2    | Found Wiziti's Antique Weapon Shop.
 28159 | Orc:2    | Found Wuharet's General Store.
 28159 | Orc:2    | Found Fogo's Book Boutique.
 28171 | Orc:2    | Bought a +2 hat for 224 gold pieces
 28186 | Orc:2    | Bought a jade-encrusted plate armour for 532 gold pieces
 28196 | Orc:2    | Identified the +4 plate armour "Sagapn" {rC+ Int+2 Slay+2} (You bought it in a shop on level 2 of the Orcish Mines)
 28298 | Orc:2    | Found Yjybb's Antique Weapon Shop.
 28299 | Orc:2    | Found a roughly hewn altar of Beogh.
 28320 | Orc:2    | Bought a crystal broad axe for 198 gold pieces
 28320 | Orc:2    | Identified the +4 broad axe "Usaq Van" {chop, Str+4} (You bought it in a shop on level 2 of the Orcish Mines)
 28360 | Orc:2    | Bought a scroll of magic mapping for 84 gold pieces
 28519 | Spider:1 | Entered Level 1 of the Spider Nest
 28623 | Spider:1 | HP: 40/136 [disintegration (35)]
 28628 | Spider:1 | HP: 26/136 [wolf spider (14)]
 28629 | Spider:1 | HP: 7/136 [tarantella (9)]
 28637 | Spider:1 | HP: 18/136 [jumping spider (2)]
 28644 | Spider:1 | HP: 30/136 [wolf spider (9)]
 28955 | Spider:1 | HP: 51/136 [disintegration (42)]
 29324 | Spider:1 | HP: 47/136 [disintegration (45)]
 29332 | Spider:1 | HP: 25/136 [disintegration (21)]
 29722 | Spider:1 | Noticed Frances
 29731 | Spider:1 | Killed Frances
 30452 | Spider:2 | HP: 57/137 [disintegration (30)]
 30458 | Spider:2 | Reached skill level 5 in Dodging
 30740 | Spider:2 | HP: 68/137 [poisoned by an emperor scorpion]
 30745 | Spider:2 | HP: 64/137 [poisoned by an emperor scorpion]
 30750 | Spider:2 | HP: 61/137 [poisoned by an emperor scorpion]
 30755 | Spider:2 | HP: 59/137 [poisoned by an emperor scorpion]
 30762 | Spider:2 | HP: 58/137 [poisoned by an emperor scorpion]
 30769 | Spider:2 | HP: 59/137 [poisoned by an emperor scorpion]
 30777 | Spider:2 | HP: 59/137 [poisoned by an emperor scorpion]
 31121 | Spider:2 | HP: 68/137 [wolf spider (7)]
 31492 | Spider:2 | Noticed Asterion
 31506 | Spider:2 | HP: 101/205 [balrug/demon whip[Asterion] (23)]
 31507 | Spider:2 | Killed Asterion
 31509 | Spider:2 | Noticed Roxanne
 31888 | Spider:2 | HP: 59/137 [swamp worm (10)]
 31900 | Spider:2 | HP: 65/137 [swamp worm (16)]
 32546 | Spider:2 | HP: 66/137 [entropy weaver (9)]
 33072 | Spider:2 | HP: 51/137 [Roxanne/orb of energy (33)]
 33075 | Spider:2 | HP: 24/137 [Roxanne/orb of energy (10)]
 33082 | Spider:2 | Killed Roxanne
 33083 | Spider:2 | Identified Roxanne's Handbook of Changing (You took it off Roxanne on level 2 of the Spider Nest)
 33385 | Spider:3 | Reached skill level 17 in Axes
 33396 | Spider:3 | Reached XP level 16. HP: 145/145 MP: 22/22
 33831 | Spider:3 | Noticed Arachne
 34113 | Spider:4 | Entered Level 4 of the Spider Nest
 34291 | Spider:3 | HP: 72/146 [spark wasp (20)]
 34294 | Spider:3 | HP: 32/146 [spark wasp (4)]
 34298 | Spider:3 | HP: 15/219 [spark wasp (4)]
 34816 | Spider:4 | HP: 65/146 [wolf spider (27)]
 34983 | Spider:3 | HP: 73/146 [Arachne/staff of poison (6)]
 34988 | Spider:3 | HP: 64/146 [poisoned by Arachne (bolt of poison)]
 34999 | Spider:3 | Killed Arachne
 35299 | Spider:4 | HP: 68/147 [poisoned by an emperor scorpion]
 35305 | Spider:4 | HP: 48/147 [disintegration (22)]
 35311 | Spider:4 | HP: 42/147 [wolf spider (12)]
 35520 | Spider:4 | Noticed Kirke
 35595 | Spider:4 | Noticed a sphinx
 35601 | Spider:3 | Noticed a sphinx
 35603 | Spider:3 | Killed Kirke
 36331 | Spider:4 | Reached skill level 18 in Axes
 36350 | Spider:4 | Noticed Nikola
 36381 | Spider:4 | Killed Nikola
 36749 | Spider:4 | Got a gossamer rune of Zot
 37105 | Shoals:1 | Entered Level 1 of the Shoals
 37114 | Shoals:1 | Reached XP level 17. HP: 138/154 MP: 24/24
 37296 | Shoals:1 | Noticed bmj180's ghost (journeyman MiFi)
 37331 | Shoals:1 | HP: 76/154 [bmj180's ghost (3)]
 37335 | Shoals:1 | Killed bmj180's ghost
 37409 | Shoals:1 | HP: 70/154 [drowned by a water nymph (13)]
 37953 | Shoals:1 | Noticed a kraken
 37965 | Shoals:1 | Killed a kraken
 37965 | Shoals:1 | Reached skill level 15 in Fighting
 38108 | Shoals:1 | HP: 78/156 [poisoned by a merfolk]
 38113 | Shoals:1 | HP: 73/156 [drowned by a water elemental (4)]
 38545 | Shoals:2 | Got a heavily runed chain mail
 38546 | Shoals:2 | Identified the +1 chain mail of Xason {rF+} (You found it on level 2 of the Shoals)
 39458 | Shoals:3 | Noticed Polyphemus
 39463 | Shoals:2 | HP: 71/156 [drowned by a water elemental (9)]
 39502 | Shoals:3 | Noticed Jorgrun
 39517 | Shoals:3 | Killed Jorgrun
 39551 | Shoals:3 | Noticed a kraken
 39562 | Shoals:3 | Killed a kraken
 39640 | Shoals:3 | Killed Polyphemus
 39676 | Shoals:3 | HP: 73/156 [ice dragon/blast of cold (8)]
 39712 | Shoals:3 | HP: 76/156 [sea snake (3)]
 39723 | Shoals:3 | HP: 78/156 [poisoned by a sea snake]
 39734 | Shoals:3 | Found a frozen archway.
 39792 | IceCv    | Entered an ice cave
 39952 | IceCv    | Reached skill level 19 in Axes
 40323 | IceCv    | Noticed an Ice Fiend
 40326 | IceCv    | HP: 73/156 [harpy simulacrum (7)]
 40342 | IceCv    | HP: 62/156 [ice devil (6)]
 40349 | IceCv    | HP: 36/234 [Ice Fiend/bolt of cold (26)]
 40354 | IceCv    | HP: 41/351 [Ice Fiend (12)]
 40354 | IceCv    | HP: 18/351 [Ice Fiend (23)]
 40357 | IceCv    | Killed an Ice Fiend
 40363 | IceCv    | HP: 15/351 [dire elephant simulacrum (6)]
 40363 | IceCv    | Annihilated by a dire elephant simulacrum

Skill      XL: |  1  2  3  4  5  6  7  8  9 10 11 12 13 14 15 16 17 |
---------------+----------------------------------------------------+-----
Fighting       | 3 4 5 6 7 8 9 11 12 13 14 15 | 15.4
Armour         | 1 2 3 5 6 7 8 10 11 12 13 14 | 14.8
Axes           | 3 4 5 6 8 10 11 12 14 15 16 17 18 19 | 19.1
Shields        | 1 2 3 5 6 7 8 |  8.6
Throwing       | 5 6 7 8 9 10 11 12 13 | 13.4
Invocations    | 2 4 5 7 8 9 10 11 12 | 12.1
Evocations     | 1 3 5 6 |  6.0
Dodging        | 5 7 8 |  8.9
Stealth        | |  0.7

Action                   |  1- 3 |  4- 6 |  7- 9 | 10-12 | 13-15 | 16-18 || total
-------------------------+-------+-------+-------+-------+-------+-------++-------
Melee: Dagger            |    74 |     9 |       |       |       |       ||    83
       Short sword       |     6 |       |       |       |       |       ||     6
       Headbutt          |    15 |    32 |    91 |   125 |   292 |   203 ||   758
       Hand axe          |       |   244 |   275 |       |       |       ||   519
       War axe           |       |       |   160 |   605 |   841 |    48 ||  1654
       Flail             |       |       |       |     8 |     1 |       ||     9
       Battleaxe         |       |       |       |       |   318 |   752 ||  1070
Throw: Javelin           |     7 |     3 |     2 |    10 |    37 |     3 ||    62
       Throwing net      |     1 |       |       |     2 |     2 |       ||     5
       Tomahawk          |       |       |       |    27 |   137 |    19 ||   183
Invok: Fungal Bloom      |       |     4 |     9 |    17 |    39 |     2 ||    71
       Evolution         |       |       |     2 |     2 |       |     2 ||     6
       Sunlight          |       |       |       |     1 |       |       ||     1
       Rain              |       |       |       |       |       |     1 ||     1
 Abil: Evoke Berserk Rag |       |       |       |       |     7 |     3 ||    10
Evoke: Lightning rod     |       |       |       |       |     4 |       ||     4
       Wand              |       |       |       |       |       |     3 ||     3
  Use: Scroll            |       |    14 |    10 |     7 |    14 |     5 ||    50
       Potion            |       |       |       |     3 |     5 |     6 ||    14
 Stab: Confused          |       |       |       |     2 |       |     1 ||     3
       Held in net/web   |       |       |       |     3 |       |       ||     3
       Distracted        |       |       |       |       |     1 |     2 ||     3
       Petrified         |       |       |       |       |       |     2 ||     2
       Petrifying        |       |       |       |       |       |     1 ||     1
  Eat: Chunk             |     2 |     9 |    15 |    22 |    43 |    20 ||   111
       Ration            |       |       |     1 |     2 |     4 |     5 ||    12
Armor: Leather armour    |     4 |       |       |       |       |       ||     4
       Chain mail        |    27 |   223 |   107 |       |    91 |       ||   448
       Plate armour      |       |       |   156 |   378 |   742 |   828 ||  2104
       Skin              |       |       |       |       |       |     5 ||     5
Dodge: Dodged            |    36 |   141 |   157 |   188 |   435 |   490 ||  1447
       Deflected         |     3 |     2 |       |       |       |       ||     5
Block: Large shield      |       |       |       |   294 |       |       ||   294
       Buckler           |       |       |       |    98 |   221 |       ||   319

Vault maps used:
D:1:      scummos_arrival_simple_fountains, minmay_misc_feat_x
D:2:      trog_book
D:3:      overflow_temple_1_default, first_ration, fedhas_altar_fruit_tree
D:4:      hangedman_abyss_or_decor_stagger
D:5:      enter_ossuary_1, st_stairs_6, nemelex_dance_club_becter,
          uniq_blork_the_orc
D:6:      serial_shops, shop, shop, nicolae_shop_waterfront, shop
D:7:      nicolae_overflow_hidden_temple, minmay_temple_entry_junction_2,
          nicolae_gozag_seed_capital
D:8:      grunt_temple_overflow_gold_and_silver, kennysheep_mini_moat,
          uniq_maurice
D:9:      chequers_temple_overflow_minitemple, grunt_temple_overflow_open,
          uniq_joseph
D:10:     minmay_orc_entry_temple_small
D:11:     david_lair_shrubbed, enter_bailey_3, uniq_harold
Lair:1:   st_stairs_11, grunt_forest_small_clearings, roderic_batcave,
          minmay_stone_trees_small, serial_bayou_shore_b,
          infiniplex_staircase_pool
Lair:2:   minmay_lair_venomous_thicket, dummy_spider_entry, special_room,
          serial_bayou_shore_a, uniq_urug
Lair:3:   minmay_shoals_entry_centaurs, cheibrodos_lair_lostbears, uniq_snorg
Lair:4:   nicolae_volcano_entry_lava_flow, minivault_29, lemuel_fruit_tree
Lair:5:   minmay_slime_entry_oklob_open, grunt_megastairs_2, uniq_josephine
Lair:6:   gammafunk_lair_ancient_temple
Shoals:3: portal_ice_cave_entry_dragon, uniq_jorgrun, uniq_polyphemus
Spider:1: spider_trap, uniq_frances
Spider:2: spider_trap, worms_lemuel, uniq_roxanne, uniq_asterion
Spider:3: uniq_arachne
Spider:4: grunt_spider_rune_parallel, nicolae_spider_stair_cavern, uniq_nikola,
          uniq_kirke
Orc:1:    basic_altar, uniq_erica
Orc:2:    st_orc_congregation, serial_shops, nicolae_shop_stone, shop, shop,
          shop, shop, mines2_david, uniq_rupert
Ossuary:  ossuary_tomb_2
Bailey:   bailey_polearm_2, bailey
IceCv:    ice_cave_caverns_03
Volcano:  kennysheep_volcano_temple
